 Dungeon Crawl Stone Soup version 0.28.0-47-ge53b351184 (webtiles) character file.

Game seed: 12954094553959271466

240 CryoSword the Vexing (level 5, -1/29 HPs)
             Began as a Vampire Enchanter on May 8, 2022.
             Slain by Edmund
             ... wielding a +5 dire flail of protection
              (17 damage)
             ... on level 4 of the Dungeon.
             The game lasted 00:05:20 (3545 turns).

CryoSword the Vexing (Vampire Enchanter)            Turns: 3545, Time: 00:05:21

Health: -1/29      AC:  2    Str:  9    XL:     5   Next: 80%
Magic:  5/8        EV: 13    Int: 18    God:
Gold:   134        SH:  0    Dex: 14    Spells: 1/9 levels left

rFire   . . .      SeeInvis +   w - +1 dagger (vamp)
rCold   + + .      Faith    .   (no shield)
rNeg    + + +      Spirit   .   b - +0 robe
rPois   ∞          Reflect  .   (no helmet)
rElec   .          Harm     .   (no cloak)
rCorr   .          Rampage  .   (no gloves)
Will    .....                   (no boots)
Stlth   +++++.....              (no amulet)
HPRegen 0.00/turn               (no ring)
MPRegen 0.11/turn               (no ring)

@: confusing by touch, bloodless, inhibited regen
A: bloodless, fangs 3, see invisible, vampiric 2
a: Bat Form, Revivify


You were on level 4 of the Dungeon.
You visited 1 branch of the dungeon, and saw 4 of its levels.

You collected 134 gold pieces.

Inventory:

Hand Weapons
 w - a +1 vampiric dagger (weapon)
   (You took it off a goblin on level 3 of the Dungeon)
Missiles
 i - 68 stones (quivered)
Armour
 b - a +0 robe (worn)
Wands
 n - a wand of digging (4)
   (You found it on level 4 of the Dungeon)
Scrolls
 c - a scroll of teleportation {unknown}
 g - 5 scrolls of identify {unknown}
 h - 2 scrolls of amnesia {unknown}
 j - a scroll of blinking {unknown}
 k - a scroll of immolation {unknown}
 l - a scroll of brand weapon {unknown}
 m - a scroll of enchant armour {unknown}
Potions
 d - a potion of degeneration {unknown}
 e - a potion of magic {unknown}
 f - 2 potions of curing {unknown}


   Skills:
 + Level 1.3 Fighting
 * Level 3.0 Short Blades
 + Level 2.9 Dodging
 + Level 5.1 Stealth
 + Level 2.5 Spellcasting
 * Level 5.7 Hexes
 * Level 2.3 Ice Magic


You had one spell level left.
You knew the following spells:

 Your Spells              Type           Power      Damage    Failure   Level
a - Ensorcelled Hibernat  Hex/Ice        32%        N/A       4%          2
b - Confusing Touch       Hex            22%        N/A       4%          3
c - Tukima's Dance        Hex            22%        N/A       4%          3

Your spell library contained the following spells:

 Spells                   Type           Power      Damage    Failure   Level
 Dazzling Flash           Conj/Hex       24%        N/A       16%         3
 Conjure Flame            Conj/Fire      2%         6-21      45%         3
 Ignite Poison            Fire/Tmut/Pois 2%         N/A       45%         3
 Sticky Flame             Conj/Fire      2%         2d3       86%         4


Dungeon Overview and Level Annotations

Branches:
Dungeon (4/15)
 Temple: D:4-7

Altars:

Shops:
D:1 (

Annotations:
D:4 Edmund


Innate Abilities, Weirdness & Mutations

You do not regenerate when monsters are visible.
You are frail without blood (-20% HP).
You can heal yourself when you bite living creatures.
You are immune to poison.
You have razor-sharp teeth.
You have supernaturally acute eyesight. (SInv)
You are afflicted with vampirism and can become a bat while bloodless.


Message History

Done exploring.
There is an open door here.
There is a stone staircase leading down here.
You climb downwards.
Level annotation: Edmund The iguana barely misses you.
The iguana bites you.
There is a stone staircase leading up here.
Aim: an iguana (chance to affect: 58%)
The iguana looks drowsy...
Edmund shouts!
You hear a shout!
The helpless iguana fails to defend itself.
You bite the iguana, and draw its blood!
You feel better.
You impale the iguana!!
You feel better.
You kill the iguana!
Edmund says, "A flail is better than a scythe, any day of the week!"
You climb upwards.
There is a stone staircase leading down here.
You start resting.
You climb downwards.
Level annotation: Edmund A hobgoblin comes into view.
Edmund barely misses you.
The hobgoblin moves out of view.
There is a stone staircase leading up here.
Aim: Edmund, wielding a +5 dire flail of protection and wearing a +0 chain mail (chance to affect: 50%)
You miscast Ensorcelled Hibernation.
You are very lightly contaminated with residual magic.
Nothing appears to happen.
Edmund hits you with a +5 dire flail of protection!
Edmund gestures with his flail.
Your magical contamination has completely faded away.
A ball python comes into view.
Edmund hits you with a +5 dire flail of protection!
* * * LOW HITPOINT WARNING * * *
Edmund says, "I'm quite good with sums, too."
Edmund says, "I might not be good at magic, but I can still kill you!"
Edmund clears his throat.
There is an escape hatch in the floor here.
There is an escape hatch in the ceiling here.
A mysterious force pulls you upwards. The hatch slams shut behind you.
You start resting.
There is a stone staircase leading down here.
You climb downwards.
Level annotation: Edmund
There is a stone staircase leading up here.
Found a stone staircase leading down.
Aim: a ball python (wandering, hasn't noticed you, chance to affect: 67%)
The ball python looks drowsy...
The helpless ball python fails to defend itself.
You bite the ball python, and draw its blood!
You impale the ball python!!
You kill the ball python!
No target in view!
Found a stone staircase leading up.
m - a scroll labelled LORUODY OGAA
There is a stone staircase leading up here.
A ball python comes into view.
A ball python is nearby!
A ball python is nearby!
The ball python hisses angrily.
The ball python barely misses you. x2
You hit the ball python but do no damage.
You closely miss the ball python. The ball python closely misses you.
The ball python grabs you. The ball python constricts you.
The ball python bites you. The ball python constricts you.
Aim: a ball python (constricting you, chance to affect: 67%)
The ball python struggles to resist.
The ball python bites you. The ball python constricts you.
You hit the ball python.
You feel better. The ball python misses you. The ball python constricts you.
Aim: a ball python (moderately wounded, constricting you, chance to affect: 67%)
The ball python looks drowsy...
The ball python loses its grip on you.
The helpless ball python fails to defend itself.
You bite the ball python, and draw its blood!
You feel better.
You impale the ball python!!
You kill the ball python!
There is a stone staircase leading up here.
You climb upwards.
There is a stone staircase leading down here.
You start resting.
You climb downwards.
Level annotation: Edmund
There is a stone staircase leading up here.
A giant cockroach comes into view.
A giant cockroach is nearby!
A giant cockroach is nearby!
Found a worn ivory wand.
The giant cockroach barely misses you.
You closely miss the giant cockroach. The giant cockroach bites you.
You hit the giant cockroach.
You feel better.
You kill the giant cockroach!
You see here a giant cockroach corpse.
n - a wand of digging (4)
Found 19 bolts.
Found a stone staircase leading down.
There is a stone staircase leading down here.
A kobold comes into view. It is wielding a +0 dagger.
A kobold is nearby!
A kobold is nearby!
A kobold is nearby!
A kobold is nearby!
Found 16 gold pieces and a scroll labelled ZUFUOCR XACLAUJID.
An ufetubus comes into view.
Found a ring mail.
The ufetubus closely misses you. The ufetubus barely misses you.
You hit the ufetubus. The ufetubus completely misses you.
The ufetubus barely misses you. The ufetubus hits you. x2
You hit the ufetubus. The ufetubus closely misses you. x2
You hit the ufetubus.
You kill the ufetubus!
Your Short Blades skill increases to level 3!
Found a scroll labelled CINNOL TUINU.
The helpless kobold fails to defend itself.
You bite the kobold, and draw its blood!
You feel better.
You impale the kobold!!
You feel better.
You kill the kobold!
No target in view!
i - 68 stones (gained 5)
You see here a +0 dagger.
You now have 134 gold pieces (gained 16).
h - 2 scrolls labelled ZUFUOCR XACLAUJID (gained 1)
g - 5 scrolls labelled CINNOL TUINU (gained 1) Edmund is nearby!
Edmund is nearby!
Throw: 3 darts (poison)
Aim: Edmund, wielding a +5 dire flail of protection and wearing a +0 chain mail (wandering, hasn't noticed you, 65% to hit)
You throw a poisoned dart. The poisoned dart hits Edmund.
Edmund is poisoned.
Edmund shouts!
Throw: 2 darts (poison)
Aim: Edmund, wielding a +5 dire flail of protection and wearing a +0 chain mail (lightly wounded, poisoned, 65% to hit)
You throw a poisoned dart. The poisoned dart hits Edmund.
Edmund looks even sicker.
Throw: dart (poison)
Aim: Edmund, wielding a +5 dire flail of protection and wearing a +0 chain mail (lightly wounded, very poisoned, 65% to hit)
You throw a poisoned dart.
The poisoned dart closely misses Edmund.
Aim: Edmund, wielding a +5 dire flail of protection and wearing a +0 chain mail (lightly wounded, very poisoned, chance to affect: 50%) Edmund looks drowsy...
The helpless Edmund fails to defend himself.
You bite Edmund, and draw his blood! You impale Edmund!!
Edmund closely misses you.
You hit Edmund but do no damage.
Edmund hits you with a +5 dire flail of protection!
You hit Edmund but do no damage.
Edmund looks more healthy.
Edmund hits you with a +5 dire flail of protection.
The spell is quite dangerous to miscast (4% risk of failure)!
Continue anyway?
Your hands begin to glow red.
Edmund hits you with a +5 dire flail of protection!
Ouch! That really hurt!
You die...

##### ##...## #.....####
##....[.... ##......###
#.)....############
##..##..@@..>......#
########...##############.#
............## #.#
......)....#.# #.#
..#####.....## #######.###
##.####.>..### ..........#
#....#......#
########..####.
##.##.#......##
##..........
..###.#...........
##.#.#..#####


You could see Edmund.

Vanquished Creatures
  A hornet zombie (D:3)
  A hound (D:4)
  An iguana (D:4)
  An adder (D:4)
  An ufetubus (D:4)
  A worm (D:2)
  3 dart slugs (D:2)
  An orc (D:3)
  8 ball pythons
  9 bats
  5 endoplasms
  6 giant cockroaches
  6 goblins
  2 hobgoblins
  10 jackals
  5 kobolds
  3 quokkas
  2 frilled lizards (D:1)
  3 rats
69 creatures vanquished.

Notes
Turn   | Place    | Note
-------+----------+-------------------------------------------
     0 | D:1      | CryoSword the Vampire Enchanter began the quest for the
                  | Orb.
     0 | D:1      | Reached XP level 1. HP: 13/13 MP: 3/3
   193 | D:1      | Reached XP level 2. HP: 19/19 MP: 5/5
   233 | D:1      | Found Zuelishru's Weapon Boutique.
   308 | D:1      | Found a faded altar of an unknown god.
   850 | D:2      | Reached skill level 1 in Ice Magic
   883 | D:1      | Learned a level 2 spell: Ensorcelled Hibernation
   943 | D:2      | Gained mutation: You are afflicted with vampirism and can
                  | become a bat while bloodless. [Vampire growth]
   943 | D:2      | Reached XP level 3. HP: 25/25 MP: 3/6
  2085 | D:3      | Reached skill level 1 in Fighting
  2085 | D:3      | Reached skill level 5 in Stealth
  2085 | D:3      | Reached skill level 5 in Hexes
  2085 | D:3      | Reached XP level 4. HP: 3/25 MP: 7/7
  2085 | D:3      | Reached XP level 5. HP: 3/29 MP: 8/8
  2371 | D:2      | Learned a level 3 spell: Confusing Touch
  2375 | D:2      | Learned a level 3 spell: Tukima's Dance
  2698 | D:4      | Noticed Edmund
  3545 | D:4      | Slain by Edmund

Illustrated notes

Levels and vault maps discovered:
D:1:      wander_arrival_abandoned_jail, layout_loops_ring,
          dreamdust_ecumenical_altar_statues, serial_shops, shop
D:2:      layout_loops_ring
D:3:      layout_basic, nrook_mini_backslash
D:4:      minmay_chambers_of_threes, layout_loops_ring,
          minmay_temple_entry_enclosed_plants, uniq_edmund

Skill      XL: |  1  2  3  4  5 |
---------------+----------------+-----
Ice Magic      | 1 2 |  2.3
Short Blades   | 2 3 |  3.0
Fighting       | 1 |  1.3
Stealth        | 5 |  5.1
Hexes          | 5 |  5.7
Dodging        | |  2.9
Spellcasting   | |  2.5

Action                   |  1- 3 |  4- 6 || total
-------------------------+-------+-------++-------
Melee: Dagger            |   116 |    55 ||   171
       Bite              |    11 |     3 ||    14
       Punch             |     2 |       ||     2
Throw: Stone             |     5 |       ||     5
       Dart              |       |     3 ||     3
 Cast: Ensorcelled Hiber |    10 |    11 ||    21
       Confusing Touch   |       |     1 ||     1
 Abil: Exsanguinate      |     1 |       ||     1
  Use: Potion            |     1 |       ||     1
 Stab: Sleeping          |    24 |    21 ||    45
       Invisible         |     1 |       ||     1
Armor: Robe              |    28 |     4 ||    32
Dodge: Dodged            |    71 |    30 ||   101
